 Dungeon Crawl Stone Soup version 0.25.1-2-g60ff931df9 (webtiles) character file.

Game seed: 1434018186754693520

3618 Kaiern the Magician (level 10, -1/60 HPs)
             Began as a Gargoyle Earth Elementalist on Aug 15, 2020.
             Was a Follower of Vehumet.
             Killed from afar by a gargoyle (3 damage)
             ... with a stone arrow
             ... on level 8 of the Dungeon on Aug 16, 2020.
             The game lasted 00:56:36 (9237 turns).

Kaiern the Magician (Gargoyle Earth Elementalist)   Turns: 9237, Time: 00:56:37

Health: -1/60      AC: 16    Str: 11    XL:     10   Next: 11%
Magic:  15/19      EV: 13    Int: 30    God:    Vehumet [*.....]
Gold:   499        SH:  0    Dex: 10    Spells: 9/22 levels left

rFire    x . .     SeeInvis .   D - +7 spear of Perversion {protect, rElec Str-5 Int+4}
rCold    + . .     Gourm    .   (no shield)
rNeg     + + .     Faith    .   f - +3 leather armour of Meboem {rN+ Str+4 Int+7}
rPois    ∞         Spirit   .   K - +0 helmet
rElec    +         Reflect  .   (no cloak)
rCorr    .         Harm     .   (no gloves)
MR       .....                  i - +0 pair of boots
Stlth    ++........             C - amulet of magic regeneration
HPRegen  0.20/turn              B - ring of ice
MPRegen  0.41/turn              (no ring)

@: no status effects
A: negative energy resistance 1, electricity resistance, unbreathing,
petrification resistance, rot immunity, AC +7
a: Renounce Religion


You were on level 8 of the Dungeon.
You worshipped Vehumet.
Vehumet was aware of your devotion.
You were not hungry.

You visited 2 branches of the dungeon, and saw 9 of its levels.

You collected 499 gold pieces.

Inventory:

Hand Weapons
 r - the +2 war axe "Hukkuadi" {protect, +Rage rC- Dex+6 Stlth+}
   (You found it on level 8 of the Dungeon)

   It grants its wielder temporary protection when it strikes (+7 to AC).
   It affects your dexterity (+6).
   It makes you vulnerable to cold.
   It lets you go berserk.
   It makes you more stealthy.
 D - the +7 spear of Perversion (weapon) {protect, rElec Str-5 Int+4}
   (You found it on level 5 of the Dungeon)

   It grants its wielder temporary protection when it strikes (+7 to AC).
   It affects your strength (-5).
   It affects your intelligence (+4).
   It insulates you from electricity.
Missiles
 b - 117 stones
 p - 27 poisoned darts (quivered)
 F - 8 curare-tipped darts
 N - 7 boomerangs
Armour
 c - a +0 robe
 f - the +3 leather armour of Meboem (worn) {rN+ Str+4 Int+7}
   (You found it on level 8 of the Dungeon)

   It affects your strength (+4).
   It affects your intelligence (+7).
   It protects you from negative energy.
 g - a +0 leather armour
 i - a +0 pair of boots (worn)
 u - a +0 leather armour
 I - a +0 kite shield
 K - a +0 helmet (worn)
Jewellery
 B - a ring of ice (left hand)
 C - an amulet of magic regeneration (around neck)
Wands
 l - a wand of polymorph (7)
 n - a wand of enslavement (11)
 L - a wand of disintegration (16)
 M - a wand of flame (19)
Scrolls
 a - 6 scrolls of amnesia
 e - 2 scrolls of fear {unknown}
 h - a scroll of remove curse
 q - 2 scrolls of enchant armour {unknown}
 v - 2 scrolls of random uselessness {unknown}
 w - 3 scrolls of teleportation {unknown}
 y - 2 scrolls of immolation {unknown}
 z - 3 scrolls of noise {unknown}
Potions
 j - a potion of flight {unknown}
 m - a potion of lignification {unknown}
 o - a potion of stabbing {unknown}
 s - a potion of resistance {unknown}
 x - 3 potions of haste
 E - a potion of might {unknown}
 H - 7 potions of curing
 J - a potion of cancellation {unknown}
Comestibles
 d - 7 rations
 k - a chunk of flesh


   Skills:
 + Level 6.1 Fighting
 + Level 5.0 Armour
 + Level 4.2 Dodging
 - Level 5.0 Stealth
 + Level 6.5 Spellcasting
 + Level 5.0 Conjurations
 - Level 0.7 Transmutations
 - Level 6.0 Earth Magic
 - Level 4.0 Evocations


You had 9 spell levels left.
You knew the following spells:

 Your Spells              Type           Power        Failure   Level  Hunger
a - Sandblast             Erth           #####.       1%          1    None
b - Stone Arrow           Conj/Erth      #####.       1%          3    None
c - Lee's Rapid Deconstr  Erth           #####.....   16%         5    #####..
d - Petrify               Tmut/Erth      ####....     16%         4    ##.....

Your spell library contained the following spells:

 Spells                   Type           Power        Failure   Level  Hunger
 Shock                    Conj/Air       ###.         2%          1    None
 Passwall                 Tmut/Erth      ####....     2%          2    None
 Animate Skeleton         Necr           N/A          6%          1    None
 Pain                     Necr           #...         6%          1    None
 Vampiric Draining        Necr           #.........   19%         3    None
 Animate Dead             Necr           N/A          54%         4    ##.....
 Agony                    Necr           #.......     87%         5    #####..


Dungeon Overview and Level Annotations

Branches:
Dungeon (8/15)             Temple (1/1) D:7
   Lair: D:8-11

Altars:
Ashenzari
Cheibriados
Dithmenos
Elyvilon
Fedhas
Hepliaklqana
Kikubaaqudgha
Makhleb
Okawaru
Qazlal
Ru
Sif Muna
Uskayaw
Vehumet
Wu Jian
Xom
Zin
The Shining One

Shops:
D:5 *


Innate Abilities, Weirdness & Mutations

You are resistant to torment.
Your stone body is resilient. (AC +7)
You are immune to poison.
You resist negative energy. (rN+)
You are resistant to electric shocks. (rElec)
You can survive without breathing.
You are immune to petrification.
You are immune to rotting.


Message History

The gargoyle hurls a stone arrow at you.
The stone arrow misses you. The gargoyle hits you with a +0 flail.
Casting: Sandblast (safe; 1% risk of failure)
Confirm with . or Enter, or press ? or * to list all spells.
Aiming: Sandblast (safe; 1% risk of failure)
Press: ? - help, Shift-Dir - straight line, f/p - gargoyle
Aim: a gargoyle, wielding a +0 flail of holy wrath (heavily damaged)
The blast of sand hits the gargoyle but does no damage.
The gargoyle is heavily damaged.
b - 117 stones The gargoyle hurls a stone arrow at you.
The stone arrow hits you!!
* * * LOW HITPOINT WARNING * * *
The gargoyle hits you with a +0 flail!
* * * LOW HITPOINT WARNING * * *
The gargoyle hurls a stone arrow at you.
The stone arrow misses you.
The gargoyle hurls a stone arrow at you.
The stone arrow hits you.
You die...

# #..# #....#
#+#######..##....# #..# #...##
#..##....# #..# #...#
#..##....# #..###...#
#..##....# #...##...#
#..##....# #.#.######
#).##....# #.#..# .......#.#
#.##.# ########### #..#.#....
#.##.####.99.@....###..#.#...#
#+ #..#.9.#######...#..#.....#
##.#.### ##?# #.#..#....#.
#...#?##+.'## #.........##
#..###'.....+# #...#......
#..#8#.......# #..........
#............+##..########
#........8....##..#
#............+##..#


You could see 3 gargoyles.

Vanquished Creatures
  A two-headed ogre (D:8)
  A water moccasin (D:7)
  Duvessa (D:7)
  4 sky beasts
  An ice beast (D:8)
  2 ogres
  3 centaurs
  4 bullfrogs
  Dowan (D:7)
  2 scorpions (D:6)
  3 killer bees (D:8)
  3 wights (D:7)
  2 howler monkeys
  A crimson imp (D:6)
  A centaur zombie (D:8)
  2 bullfrog zombies
  4 bullfrog skeletons
  A centaur skeleton (D:6)
  4 hounds
  An orc priest (D:3)
  8 orc wizards
  An iguana (D:5)
  3 worker ants
  2 hound skeletons (D:6)
  12 gnolls
  14 adders
  4 adder zombies
  3 worms
  A dart slug (D:3)
  3 leopard geckos
  27 orcs
  2 ball pythons
  4 giant cockroaches
  2 goblins
  4 hobgoblins
  9 jackals
  8 kobolds
  5 quokkas
  5 bats
  5 frilled lizards
  A leopard gecko skeleton (D:7)
  2 leopard gecko zombies
  A quokka skeleton (D:4)
  5 rats
  A butterfly (D:7)
174 creatures vanquished.

Notes
Turn   | Place    | Note
-------+----------+-------------------------------------------
     0 | D:1      | Kaiern the Gargoyle Earth Elementalist began the quest for
                  | the Orb.
     0 | D:1      | Reached XP level 1. HP: 10/10 MP: 3/3
   568 | D:1      | Reached XP level 2. HP: 15/15 MP: 3/5
  1089 | D:2      | Reached skill level 1 in Fighting
  1089 | D:2      | Reached XP level 3. HP: 20/20 MP: 3/6
  1178 | D:2      | Learned a level 3 spell: Stone Arrow
  1406 | D:2      | Reached XP level 4. HP: 24/25 MP: 7/7
  2150 | D:3      | Reached XP level 5. HP: 27/30 MP: 6/9
  2541 | D:3      | Found a stormy altar of Qazlal.
  2981 | D:3      | Reached skill level 5 in Earth Magic
  3138 | D:4      | Reached XP level 6. HP: 36/36 MP: 7/10
  3543 | D:4      | Reached skill level 1 in Evocations
  3661 | D:4      | Reached XP level 7. HP: 41/41 MP: 8/12
  3919 | D:5      | Entered Level 5 of the Dungeon
  3936 | D:5      | Found Muillal's General Store.
  3959 | D:5      | Got a shimmering spear
  3960 | D:5      | Identified the +7 spear of Perversion {protect, rElec Str-5
                  | Int+4} (You found it on level 5 of the Dungeon)
  4040 | D:5      | Found a sacrificial altar of Ru.
  4365 | D:5      | Reached skill level 5 in Stealth
  4731 | D:5      | Reached XP level 8. HP: 48/48 MP: 11/14
  5432 | D:6      | Reached skill level 5 in Fighting
  5777 | D:6      | Reached skill level 1 in Armour
  5777 | D:6      | Reached skill level 5 in Spellcasting
  5777 | D:6      | Reached skill level 1 in Conjurations
  6851 | D:7      | Found a staircase to the Ecumenical Temple.
  6858 | Temple   | Entered the Ecumenical Temple
  6950 | Temple   | Became a worshipper of Vehumet
  7104 | D:7      | Reached XP level 9. HP: 47/54 MP: 11/17
  7472 | D:7      | Noticed Duvessa
  7478 | D:7      | Killed Duvessa
  7480 | D:7      | Noticed Dowan
  7483 | D:7      | Killed Dowan
  8065 | D:8      | Learned a level 5 spell: Lee's Rapid Deconstruction
  8456 | D:8      | Noticed a two-headed ogre
  8462 | D:8      | Reached * piety under Vehumet
  8462 | D:8      | Offered knowledge of Shock by Vehumet.
  8476 | D:8      | Killed a two-headed ogre
  8476 | D:8      | Reached XP level 10. HP: 23/60 MP: 14/19
  8692 | D:8      | Got a slimy leather armour
  8707 | D:8      | Identified the +3 leather armour of Meboem {rN+ Str+4
                  | Int+7} (You found it on level 8 of the Dungeon)
  8903 | D:8      | Learned a level 4 spell: Petrify
  8965 | D:8      | Reached skill level 5 in Armour
  8965 | D:8      | Reached skill level 5 in Conjurations
  9138 | D:8      | Got a pitted war axe
  9142 | D:8      | Identified the +2 war axe "Hukkuadi" {protect, +Rage rC-
                  | Dex+6 Stlth+} (You found it on level 8 of the Dungeon)
  9217 | D:8      | Noticed a gargoyle
  9219 | D:8      | Noticed a gargoyle
  9219 | D:8      | Noticed a gargoyle
  9232 | D:8      | HP: 1/60 [gargoyle/+0 flail (10)]
  9237 | D:8      | Killed from afar by a gargoyle

Illustrated notes

Levels and vault maps discovered:
D:1:      dpeg_arrival_arbitrary_b, layout_loops_ring
D:2:      layout_basic, first_ration, minmay_misc_feat_more_columns,
          hangedman_decor_push
D:3:      layout_loops_ring, lemuel_doored_altar
D:4:      layout_basic
D:5:      layout_basic, nicolae_ru_sacrificial_ziggurat, serial_glass,
          glass_columns_b, glass_columns_a, serial_shops, shop,
          minmay_fractal_squares_gapless_5
D:6:      layout_basic
D:7:      layout_loops_corners, minmay_temple_entry_butterflies, uniq_duvessa
D:8:      cheibrodos_statue_roulette, layout_basic
Temple:   compressed_dpeg_circular_temple

Skill      XL: |  1  2  3  4  5  6  7  8  9 10 |
---------------+-------------------------------+-----
Earth Magic    | 4 5 6 |  6.0
Fighting       | 1 2 3 4 5 6 |  6.1
Stealth        | 3 4 5 |  5.0
Spellcasting   | 3 4 5 6 |  6.5
Evocations     | 1 2 4 |  4.0
Armour         | 2 4 5 |  5.0
Dodging        | 2 4 |  4.2
Conjurations   | 2 4 5 |  5.0
Transmutations | |  0.7

Action                   |  1- 3 |  4- 6 |  7- 9 | 10-12 || total
-------------------------+-------+-------+-------+-------++-------
Melee: Dagger            |    20 |       |       |       ||    20
       Hand axe          |    15 |       |       |       ||    15
       Short sword       |    16 |    32 |       |       ||    48
       Spear             |       |       |   128 |       ||   128
Throw: Dart              |     3 |    59 |    26 |       ||    88
 Cast: Sandblast         |    22 |    65 |   113 |     8 ||   208
       Stone Arrow       |       |       |    46 |     4 ||    50
       Lee's Rapid Decon |       |       |       |     1 ||     1
  Use: Scroll            |       |     5 |     4 |       ||     9
 Stab: Sleeping          |     2 |     2 |     4 |       ||     8
  Eat: Chunk             |     1 |     8 |    10 |       ||    19
       Ration            |       |       |     2 |     1 ||     3
Armor: Robe              |    24 |       |       |       ||    24
       Leather armour    |       |    25 |    92 |       ||   117
Dodge: Dodged            |    44 |    40 |    94 |     6 ||   184
